General information
- name: BNet
- type: Ladder team game (AT/RT)
- host: Battle.net
- saver: TheUSDollar
map: SilverpineForest
- players: 6
- length: 21:51
- speed: Fast
- version: 1.24 W3XP
- replay type: Public
» download(191 KB)
Players
team 1 (winner)

»
Doof. (
blue | 92 APM | 2014 actions | 21:50)
5 Blademaster
2 Wind Walk
3 Critical Strike
3 Shadow Hunter
1 Hex
2 Healing Wave
2 Tauren Chieftain
1 War Stomp
1 Endurance Aura
» actions
| Assign group hotkey | 25 | |
| Basic commands | 1 | |
| Build / train | 66 | |
| Enter build submenu | 12 | |
| Enter hero's abilities submenu | 11 | |
| Give item / drop item | 5 | |
| Remove unit from queue | 1 | |
| Right click | 900 | |
| Select / deselect | 251 | |
| Select group hotkey | 654 | |
| Use ability | 88 | |
2014 total
» units
| Peon | 7 | |
| Grunt | 4 | |
| Wind Rider | 7 | |
| Raider | 2 | |
20 total
» upgrades
| Berserker Strength | 1 | |
| Armor | 2 | |
| Ensnare | 1 | |
| Envenomed Spears | 1 | |
| Reinforced Defenses | 1 | |
| Ranged Weapons | 1 | |
7 total
» buildings
| Altar of Storms | 1 | |
| Orc Burrow | 5 | |
| Barracks | 1 | |
| Voodoo Lounge | 1 | |
| Stronghold | 1 | |
| War Mill | 1 | |
| Watch Tower | 1 | |
| Beastiary | 3 | |
| Fortress | 1 | |
15 total
» build order
00:13 Altar of Storms
00:23 Orc Burrow
00:44 Barracks
01:36 Orc Burrow
02:04 Voodoo Lounge
03:11 Stronghold
04:09 War Mill
04:12 Orc Burrow
05:24 Watch Tower
06:19 Beastiary
07:49 Beastiary
07:49 Beastiary
08:46 Orc Burrow
08:47 Fortress
12:00 Orc Burrow
» items
| Healing Salve | 3 | |
| Lesser Clarity Potion | 5 | |
| Scroll of Speed | 2 | |
| Boots of Speed | 1 | |
| Scroll of Town Portal | 3 | |
| Orb of Lightning | 1 | |
| Scroll of Healing | 2 | |
17 total

»
onemanwolfpack (
green | 105 APM | 2288 actions | 21:50)
5 Far Seer
2 Feral Spirit
3 Chain Lighting
3 Shadow Hunter
1 Hex
2 Healing Wave
» actions
| Assign group hotkey | 117 | |
| Basic commands | 27 | |
| Build / train | 73 | |
| ESC pressed | 1 | |
| Enter build submenu | 13 | |
| Enter hero's abilities submenu | 8 | |
| Give item / drop item | 3 | |
| Right click | 1023 | |
| Select / deselect | 284 | |
| Select group hotkey | 629 | |
| Use ability | 110 | |
2288 total
» units
| Peon | 7 | |
| Grunt | 14 | |
| Raider | 4 | |
| Shaman | 6 | |
| Wind Rider | 5 | |
36 total
» upgrades
| Spiked Barricades | 1 | |
| Armor | 2 | |
| Berserker Strength | 1 | |
| Shaman Training | 2 | |
| Ensnare | 1 | |
| Reinforced Defenses | 1 | |
| Ranged Weapons | 1 | |
| Envenomed Spears | 1 | |
10 total
» buildings
| Altar of Storms | 1 | |
| Orc Burrow | 6 | |
| Barracks | 1 | |
| Voodoo Lounge | 1 | |
| War Mill | 1 | |
| Stronghold | 1 | |
| Fortress | 1 | |
| Beastiary | 1 | |
| Spirit Lodge | 1 | |
| Tauren Totem | 1 | |
15 total
» build order
00:12 Altar of Storms
00:18 Orc Burrow
00:39 Barracks
01:33 Orc Burrow
01:59 Voodoo Lounge
03:00 War Mill
04:18 Stronghold
04:22 Orc Burrow
06:35 Orc Burrow
07:48 Fortress
07:56 Beastiary
08:52 Spirit Lodge
10:49 Orc Burrow
13:20 Tauren Totem
14:23 Orc Burrow
» items
| Healing Salve | 6 | |
| Scroll of Town Portal | 2 | |
| Lesser Clarity Potion | 3 | |
| Scroll of Speed | 2 | |
| Potion of Lesser Invulnerability | 1 | |
14 total

»
TheUSDollar (
purple | 122 APM | 2673 actions | 21:51)
6 Tauren Chieftain
3 War Stomp
2 Endurance Aura
1 Reincarnation
4 Shadow Hunter
2 Hex
2 Healing Wave
» actions
| Assign group hotkey | 30 | |
| Basic commands | 144 | |
| Build / train | 66 | |
| ESC pressed | 1 | |
| Enter build submenu | 17 | |
| Enter hero's abilities submenu | 10 | |
| Give item / drop item | 4 | |
| Right click | 1130 | |
| Select / deselect | 785 | |
| Select group hotkey | 398 | |
| Use ability | 88 | |
2673 total
» units
| Peon | 8 | |
| Troll Headhunter/Berserker | 16 | |
| Tauren | 8 | |
| Spirit Walker | 2 | |
34 total
» upgrades
| Ranged Weapons | 2 | |
| Armor | 2 | |
| Spirit Walker Training | 2 | |
| Berserker Upgrade | 1 | |
| Pulverize | 1 | |
| Melee Weapons | 1 | |
9 total
» buildings
| Altar of Storms | 1 | |
| Orc Burrow | 6 | |
| War Mill | 1 | |
| Barracks | 1 | |
| Voodoo Lounge | 3 | |
| Stronghold | 1 | |
| Fortress | 1 | |
| Spirit Lodge | 1 | |
| Tauren Totem | 2 | |
17 total
» build order
00:05 Altar of Storms
00:07 Orc Burrow
00:26 War Mill
01:00 Barracks
02:05 Orc Burrow
02:29 Voodoo Lounge
04:06 Voodoo Lounge
04:38 Voodoo Lounge
05:26 Stronghold
06:20 Orc Burrow
09:12 Orc Burrow
10:17 Fortress
10:50 Spirit Lodge
13:24 Tauren Totem
13:26 Tauren Totem
15:29 Orc Burrow
18:13 Orc Burrow
» items
| Lesser Clarity Potion | 3 | |
| Healing Salve | 2 | |
| Medallion of Courage | 1 | |
| Scroll of Town Portal | 1 | |
7 total
team 2 (loser)
0815job (
yellow | 68 APM | 1441 actions | 21:19)
3 Demon Hunter
2 Mana Burn
1 Evasion
4 Keeper of the Grove
2 Entangling Roots
2 Thorns Aura
» actions
| Assign group hotkey | 31 | |
| Basic commands | 3 | |
| Build / train | 66 | |
| Enter build submenu | 17 | |
| Enter hero's abilities submenu | 7 | |
| Give item / drop item | 4 | |
| Remove unit from queue | 1 | |
| Right click | 584 | |
| Select / deselect | 232 | |
| Select group hotkey | 429 | |
| Use ability | 67 | |
1441 total
» units
| Wisp | 19 | |
| Huntress | 1 | |
| Dryad | 5 | |
| Druid of the Claw | 9 | |
| Mountain Giant | 1 | |
35 total
» upgrades
| Abolish Magic | 1 | |
| Druid of the Claw Training | 2 | |
| Mark of the Claw | 1 | |
| Strength of the Wild | 3 | |
| Reinforced Hides | 3 | |
| Hardened Skin | 1 | |
| Resistant Skin | 1 | |
12 total
» buildings
| Altar of Elders | 1 | |
| Moon Well | 6 | |
| Ancient of War | 1 | |
| Tree of Ages | 1 | |
| Hunter's Hall | 1 | |
| Ancient of Wonders | 1 | |
| Ancient of Lore | 2 | |
| Tree of Eternity | 1 | |
| Tree of Life | 1 | |
15 total
» build order
00:10 Altar of Elders
00:22 Moon Well
01:17 Moon Well
01:50 Ancient of War
02:31 Tree of Ages
03:39 Hunter's Hall
04:05 Ancient of Wonders
04:09 Moon Well
04:56 Ancient of Lore
05:00 Ancient of Lore
05:48 Moon Well
06:14 Tree of Eternity
11:39 Moon Well
11:42 Moon Well
12:46 Tree of Life
» items
| Scroll of Town Portal | 2 | |
| Staff of Preservation | 1 | |
| Potion of Healing | 1 | |
| Orb of Venom | 2 | |
6 total

»
cuddly (
pink | 165 APM | 3485 actions | 21:06)
3 Blademaster
2 Wind Walk
1 Critical Strike
4 Tauren Chieftain
2 Endurance Aura
2 Shockwave
» actions
| Assign group hotkey | 27 | |
| Basic commands | 10 | |
| Build / train | 70 | |
| ESC pressed | 1 | |
| Enter build submenu | 13 | |
| Enter hero's abilities submenu | 7 | |
| Give item / drop item | 5 | |
| Right click | 1641 | |
| Select / deselect | 334 | |
| Select group hotkey | 1237 | |
| Use ability | 140 | |
3485 total
» units
| Peon | 7 | |
| Grunt | 5 | |
| Raider | 7 | |
| Spirit Walker | 2 | |
| Kodo Beast | 1 | |
| Demolisher | 1 | |
| Troll Batrider | 4 | |
27 total
» upgrades
| Ensnare | 1 | |
| Spirit Walker Training | 1 | |
| Berserker Strength | 1 | |
| Reinforced Defenses | 1 | |
4 total
» buildings
| Altar of Storms | 1 | |
| Orc Burrow | 6 | |
| Voodoo Lounge | 1 | |
| Barracks | 1 | |
| Stronghold | 1 | |
| Beastiary | 1 | |
| Spirit Lodge | 1 | |
| War Mill | 1 | |
| Fortress | 1 | |
| Great Hall | 1 | |
15 total
» build order
00:07 Altar of Storms
00:16 Orc Burrow
00:52 Voodoo Lounge
01:27 Barracks
01:48 Orc Burrow
02:53 Stronghold
04:08 Orc Burrow
05:23 Beastiary
05:26 Spirit Lodge
07:03 Orc Burrow
08:20 War Mill
10:21 Fortress
11:23 Orc Burrow
11:24 Orc Burrow
17:18 Great Hall
» items
| Lesser Clarity Potion | 8 | |
| Healing Salve | 6 | |
| Boots of Speed | 1 | |
| Dust of Appearance | 1 | |
| Scroll of Speed | 2 | |
| Staff of Teleportation | 1 | |
| Potion of Lesser Invulnerability | 3 | |
| Scroll of Town Portal | 3 | |
| Orb of Lightning | 1 | |
| Potion of Healing | 1 | |
| Scroll of Healing | 1 | |
28 total

»
DeathBreathSeth (
teal | 135 APM | 2945 actions | 21:49)
5 Death Knight
3 Death Coil
2 Unholy Aura
4 Lich
2 Frost Nova
2 Frost Armor
» actions
| Assign group hotkey | 67 | |
| Basic commands | 1 | |
| Build / train | 75 | |
| ESC pressed | 2 | |
| Enter build submenu | 12 | |
| Enter hero's abilities submenu | 9 | |
| Give item / drop item | 3 | |
| Remove unit from queue | 1 | |
| Right click | 610 | |
| Select / deselect | 369 | |
| Select group hotkey | 1655 | |
| Use ability | 141 | |
2945 total
» units
| Acolyte | 11 | |
| Ghoul | 2 | |
| Crypt Fiend | 14 | |
| Obsidian Statue | 4 | |
31 total
» upgrades
| Creature Attack | 2 | |
| Burrow | 1 | |
| Destroyer Form | 1 | |
| Creature Carapace | 1 | |
| Web | 1 | |
6 total
» buildings
| Graveyard | 1 | |
| Crypt | 1 | |
| Altar of Darkness | 1 | |
| Ziggurat | 4 | |
| Tomb of Relics | 1 | |
| Halls of the Dead | 3 | |
| Nerubian Tower | 1 | |
| Slaughterhouse | 1 | |
| Black Citadel | 1 | |
| Spirit Tower | 2 | |
16 total
» build order
00:11 Graveyard
00:15 Crypt
00:32 Altar of Darkness
00:43 Ziggurat
01:01 Tomb of Relics
01:52 Ziggurat
03:47 Halls of the Dead
03:47 Halls of the Dead
04:37 Ziggurat
04:51 Nerubian Tower
07:49 Slaughterhouse
08:05 Black Citadel
10:27 Ziggurat
18:43 Spirit Tower
19:24 Spirit Tower
» items
| Rod of Necromancy | 3 | |
| Dust of Appearance | 1 | |
| Potion of Healing | 3 | |
| Orb of Corruption | 1 | |
| Potion of Mana | 2 | |
| Scroll of Healing | 2 | |
| Scroll of Town Portal | 3 | |
| Lesser Clarity Potion | 2 | |
| Scroll of Speed | 1 | |
18 total
Chat log
(00:08 / Allies) onemanwolfpack: lol 3 orc
(00:26 / Allies) Doof.: imma blade
(00:27 / Allies) onemanwolfpack: wtf do we make
(00:33 / Allies) onemanwolfpack: they elf and 2 ran
(00:43 / All) cuddly: ich
(00:45 / All) cuddly: bin
(00:46 / Allies) onemanwolfpack: one of u jokers needs to scout
(00:47 / All) cuddly: orc
(00:50 / Allies) Doof.: im gonna grunt raider bat
(00:52 / Allies) Doof.: or somethjing
(00:52 / All) TheUSDollar: The EU sucks
(00:52 / All) DeathBreathSeth: No GAY !!! :>
(01:00 / Allies) Doof.: ill scout
(01:02 / All) onemanwolfpack: ich bin schwul
(01:02 / All) TheUSDollar: U suck
(01:03 / All) cuddly: and
(01:04 / All) cuddly: im asian
(01:17 / All) cuddly: fidschi ritzi
(01:30 / All) TheUSDollar: Ur currency doesnt function
(01:51 / All) cuddly: moby obi
(01:53 / All) cuddly: ?
(02:01 / All) DeathBreathSeth: irgendwas mit römisch ??=)
(02:29 / All) onemanwolfpack: ich habe ein klein hodensack
(02:36 / All) DeathBreathSeth: sry4u
(02:37 / All) cuddly: moby u can stop by obi
(03:04 / Allies) TheUSDollar: dh bm
(03:05 / Allies) TheUSDollar: nice
(03:10 / Allies) TheUSDollar: run straight to me
(04:01 / All) TheUSDollar: Ur micro is atrocious
(04:10 / All) TheUSDollar: U didnt kill a single hh
(04:11 / All) TheUSDollar: with dh bm
(04:32 / All) TheUSDollar: Im embarassed for your mothers
(04:47 / All) cuddly: 1
(04:53 / All) cuddly: 2
(05:14 / Allies) onemanwolfpack: oops
(05:31 / Allies) onemanwolfpack: eww
(05:34 / Allies) onemanwolfpack: dk got pendant
(05:41 / Allies) Doof.: and hes 3
(05:46 / Allies) onemanwolfpack: ya better ff dk
(05:58 / Allies) TheUSDollar: dont wanna call mh but
(06:05 / Allies) TheUSDollar: run staight to the tc hh
(06:08 / Allies) TheUSDollar: with dh bm
(06:14 / All) cuddly: 3
(06:46 / All) cuddly: 2 times tc
(08:05 / Allies) Doof.: jack u shaman
(08:09 / Allies) onemanwolfpack: k
(08:15 / Allies) Doof.: go
(10:30 / Allies) onemanwolfpack: ud is so boned lol
(10:31 / Allies) Doof.: make lodge
(10:37 / Allies) TheUSDollar: its in the back
(10:43 / Allies) Doof.: not shop
(11:02 / Allies) onemanwolfpack: i havent used fs in like
(11:04 / Allies) onemanwolfpack: a couple years
(11:21 / Allies) TheUSDollar: time to stack heroes
(11:29 / Allies) onemanwolfpack: time to own ud again
(11:48 / Allies) TheUSDollar: 520 mana tc
(11:49 / Allies) Doof.: pass globve
(11:52 / Allies) Doof.: to bm
(12:35 / Allies) onemanwolfpack: rude
(13:08 / Allies) Doof.: need tauren
(13:16 / Allies) onemanwolfpack: me?
(13:22 / Allies) Doof.: noi
(13:23 / Allies) Doof.: talons?
(13:31 / Allies) TheUSDollar: wood
(13:55 / Allies) onemanwolfpack: go
(14:25 / Allies) Doof.: better hit
(14:30 / Allies) Doof.: gonna grab scrolls
(14:45 / Allies) onemanwolfpack: got roar we should gangbang here
(16:39 / Allies) onemanwolfpack: bleh i tried to tp
(16:42 / Allies) onemanwolfpack: elf tpd on me
(16:50 / Allies) onemanwolfpack: we def need some ground
(17:42 / Allies) onemanwolfpack: fs done in 10 secs
(17:43 / Allies) onemanwolfpack: b
(18:47 / Allies) Doof.: better check
(18:56 / Allies) onemanwolfpack: jsut hit?
(19:00 / Allies) onemanwolfpack: dotn go inside base
(19:02 / Allies) onemanwolfpack: thats wat boned us
(19:08 / Allies) TheUSDollar: sigh
(19:16 / Allies) onemanwolfpack: has 15k in it how much they start with
(19:45 / Allies) Doof.: hmm
(20:31 / All) TheUSDollar: U suck
(21:00 / Allies) Doof.: dk
(21:07 / All) Doof.: gg losers
(21:08 / All) onemanwolfpack: gg nerds
(21:12 / Allies) onemanwolfpack: rofl
(21:21 / All) onemanwolfpack: beaten by 3 orcs
(21:36 / Allies) onemanwolfpack: u get chain or wolves at 5?
(21:49 / Allies) onemanwolfpack: lvl 3 wolves seem silly